 Dungeon Crawl Stone Soup version 0.29.1-14-g9c671dbff4 (webtiles) character file.

Game seed: 24944363279336508

31 leafyfresh the Covert (level 3, -1/35 HPs)
             Began as a Gnoll Delver on Feb 13, 2023.
             Slain by a kobold brigand (2 damage)
             ... on level 4 of the Dungeon.
             The game lasted 00:01:51 (1010 turns).

leafyfresh the Covert (Gnoll Delver)                Turns: 1010, Time: 00:01:51

Health: -1/35      AC:  3    Str: 11    XL:     3   Next: 22%
Magic:  4/4        EV: 13    Int:  9    God:
Gold:   23         SH:  0    Dex: 15    Spells: 3/3 levels left

rFire   . . .      SeeInvis .   a - +0 spear
rCold   . . .      Faith    +   (no shield)
rNeg    . . .      Spirit   .   b - +0 leather armour
rPois   .          Reflect  .   (no helmet)
rElec   .          Harm     .   (no cloak)
rCorr   .          Rampage  .   (no gloves)
Will    .....                   (no boots)
Stlth   ++++......              h - amulet of faith
HPRegen 0.11/turn               (no ring)
MPRegen 0.09/turn               (no ring)

@: no status effects
A: fangs 1, strong nose, distributed training
a: no special abilities


You were on level 4 of the Dungeon.
You visited 1 branch of the dungeon, and saw 2 of its levels.

You collected 23 gold pieces.

Inventory:

Hand Weapons
 a - a +0 spear (weapon)
Armour
 b - a +0 leather armour (worn)
Jewellery
 h - an amulet of faith (around neck)
Wands
 g - a wand of digging (3)
Scrolls
 c - a scroll of fog
 d - a scroll of magic mapping
Potions
 f - a potion of haste


   Skills:
 + Level 6.5 Fighting
 + Level 0.7 Short Blades
 + Level 0.7 Long Blades
 + Level 0.7 Axes
 + Level 0.7 Maces & Flails
 + Level 4.5 Polearms
 + Level 0.7 Staves
 + Level 0.7 Ranged Weapons
 + Level 0.7 Throwing
 + Level 0.7 Armour
 + Level 4.5 Dodging
 + Level 9.5 Stealth
 + Level 0.7 Shields
 + Level 0.7 Unarmed Combat
 + Level 0.7 Spellcasting
 + Level 0.5 Conjurations
 + Level 0.5 Hexes
 + Level 0.5 Summonings
 + Level 0.5 Necromancy
 + Level 0.5 Translocations
 + Level 0.5 Transmutations
 + Level 0.5 Fire Magic
 + Level 0.5 Ice Magic
 + Level 0.5 Air Magic
 + Level 0.5 Earth Magic
 + Level 0.5 Poison Magic
 + Level 0.9 Invocations
 + Level 0.7 Evocations


You had 3 spell levels left.
You didn't know any spells.
Your spell library contained the following spells:

 Spells                   Type           Power      Damage    Failure   Level
 Beastly Appendage        Tmut           2%         N/A       38%         1
 Wereblood                Tmut           1%         N/A       52%         2
 Spider Form              Tmut/Pois      1%         N/A       77%         3


Dungeon Overview and Level Annotations

Branches:
Dungeon (5/15)
 Temple: D:4-7

Altars:


Innate Abilities, Weirdness & Mutations

You have very sharp teeth.
Your uncanny sense of smell can sniff out nearby items.
Your experience applies equally to all skills.


Message History

You are too injured to fight recklessly!
Unknown command.
You are too injured to fight recklessly!
Unknown command.
You are too injured to fight recklessly!
Unknown command.
You hit the kobold brigand.
The kobold brigand is moderately wounded.
You completely miss the kobold brigand.
The kobold brigand is moderately wounded.
The kobold brigand hits you.
* * * LOW HITPOINT WARNING * * *
You hit the kobold brigand.
The kobold brigand is heavily wounded.
The kobold brigand hits you but does no damage.
You barely miss the kobold brigand. Your bite misses the kobold brigand.
The kobold brigand is heavily wounded.
The kobold brigand hits you but does no damage.
You hit the kobold brigand. You bite the kobold brigand.
The kobold brigand is severely wounded.
The kobold brigand misses you.
You hit the kobold brigand.
The kobold brigand is severely wounded.
The kobold brigand hits you.
* * * LOW HITPOINT WARNING * * *
You hit the kobold brigand but do no damage.
The kobold brigand is severely wounded.
The kobold brigand hits you.
* * * LOW HITPOINT WARNING * * *
You barely miss the kobold brigand.
You bite the kobold brigand, but do no damage.
The kobold brigand is severely wounded.
You barely miss the kobold brigand.
The kobold brigand is severely wounded.
The kobold brigand hits you.
* * * LOW HITPOINT WARNING * * *
You hit the kobold brigand. Your bite misses the kobold brigand.
The kobold brigand is severely wounded.
The kobold brigand hits you.
You die...

## #. ### # #@#
### #######
#K###.### ##......
#.......###.######
##..####K..## #
#### ##### # . ..
###


You could see a kobold brigand.

Vanquished Creatures
  A hound (D:5)
  A worm (D:4)
2 creatures vanquished.

Notes
Turn   | Place    | Note
-------+----------+-------------------------------------------
     0 | D:5      | Reached skill level 9 in Stealth
     0 | D:5      | leafyfresh the Gnoll Delver began the quest for the Orb.
     0 | D:5      | Reached XP level 1. HP: 23/23 MP: 1/1
    40 | D:5      | Noticed a hound
    74 | D:5      | Killed a hound
    75 | D:5      | Reached XP level 2. HP: 7/29 MP: 1/3
    75 | D:5      | Reached XP level 3. HP: 9/35 MP: 1/4
   344 | D:5      | Noticed a necrophage
   413 | D:4      | Noticed a kobold brigand
   965 | D:4      | Identified the +10 sling of the Six Towns {flame, rN+++
                  | Will+ Str-3 Stlth+}
  1009 | D:4      | HP: 1/35 [kobold brigand (2)]
  1010 | D:4      | Slain by a kobold brigand

Illustrated notes

Levels and vault maps discovered:
D:4:      layout_layer_cave, uniq_robin
D:5:      layout_basic, nzn_hepliaklqana_mist_gate, uniq_grinder

Skill      XL: | |
---------------+-+-----
Stealth        | |  9.5
Fighting       | |  6.5
Short Blades   | |  0.7
Long Blades    | |  0.7
Axes           | |  0.7
Maces & Flails | |  0.7
Polearms       | |  4.5
Staves         | |  0.7
Ranged Weapons | |  0.7
Throwing       | |  0.7
Armour         | |  0.7
Dodging        | |  4.5
Shields        | |  0.7
Unarmed Combat | |  0.7
Spellcasting   | |  0.7
Conjurations   | |  0.5
Hexes          | |  0.5
Summonings     | |  0.5
Necromancy     | |  0.5
Translocations | |  0.5
Transmutations | |  0.5
Fire Magic     | |  0.5
Ice Magic      | |  0.5
Air Magic      | |  0.5
Earth Magic    | |  0.5
Poison Magic   | |  0.5
Invocations    | |  0.9
Evocations     | |  0.7

Action                   || total
-------------------------++-------
Melee: Spear             ||    53
       Bite              ||     7
       Punch             ||     1
  Use: Scroll            ||     1
 Stab: Sleeping          ||     1
Armor: Leather armour    ||     4
Dodge: Dodged            ||    23
